 Dungeon Crawl Stone Soup version 0.30.0-5-g1a98f26d00 (webtiles) character file.

Game seed: 17930877629773729706

5691 jasper the Cleaver (level 11, 0/83 HPs)
             Began as a Human Wanderer on May 12, 2023.
             Was a Believer of Elyvilon.
             Slain by Erolcha
             ... wielding a +0 giant club
              (15 damage)
             ... on level 8 of the Dungeon.
             The game lasted 00:17:37 (9224 turns).

jasper the Cleaver (Human Wanderer)                 Turns: 9224, Time: 00:17:38

Health: 0/83       AC: 32    Str: 17    XL:     11   Next: 4%
Magic:  16/16      EV:  1    Int: 12    God:    Elyvilon [**....]
Gold:   618        SH:  5    Dex: 13    Spells: 11/12 levels left

rFire   . . .        N - +0 war axe
rCold   + + .        C - +0 buckler
rNeg    . . .        z - +10 crystal plate armour of the Flying Gods {rElec rC+}
rPois   .            v - +2 hat
rElec   +            (no cloak)
rCorr   .            D - +0 pair of gloves
SInv    .            r - +0 pair of boots
Will    +....        (no amulet) Stlth
                     h - ring of protection from cold
HPRegen 0.33/turn    n - ring of willpower
MPRegen 0.15/turn

%: no passive effects
@: about to teleport
A: no striking features
a: Renounce Religion, Purification, Heal Other


You were on level 8 of the Dungeon.
You worshipped Elyvilon.
Elyvilon was pleased with you.
You visited 1 branch of the dungeon, and saw 9 of its levels.

You collected 618 gold pieces.

Inventory:

Hand Weapons
 a - a +3 hand axe
 E - a +1 flail of protection
 N - a +0 war axe (weapon)
Missiles
 t - 11 stones
 y - 4 poisoned darts (quivered)
 J - a curare-tipped dart
Armour
 b - a +0 helmet
 d - a +0 robe
 f - a +0 ring mail
 j - a +0 scale mail
 r - a +0 pair of boots (worn)
 v - a +2 hat (worn)
 z - the +10 crystal plate armour of the Flying Gods (worn) {rElec rC+}
   (You acquired it on level 8 of the Dungeon)

   rC:        It protects you from cold.
   rElec:     It insulates you from electricity.
 A - +1 storm dragon scales
 C - a +0 buckler (worn)
 D - a +0 pair of gloves (worn)
 O - a +1 plate armour of cold resistance
Jewellery
 e - an amulet of the acrobat
 h - a ring of protection from cold (left hand)
 n - a ring of willpower (right hand)
 K - a +4 ring of protection
 P - a ring of ice
Wands
 q - a wand of polymorph (3)
 F - a wand of charming (1)
 L - a wand of flame (21)
Scrolls
 k - 2 scrolls of teleportation
 l - a scroll of vulnerability
 p - a scroll of blinking
 u - a scroll of immolation
 B - 2 scrolls of fog
 M - a scroll of noise {unknown}
 Q - a scroll of fear {unknown}
 R - a scroll of poison {unknown}
Potions
 c - a potion of invisibility
 g - 3 potions of brilliance
 i - a potion of attraction
 m - 3 potions of degeneration
 o - a potion of cancellation
 s - a potion of ambrosia {unknown}
 w - 5 potions of curing
 x - a potion of haste
 G - a potion of mutation
 H - 2 potions of flight {unknown}
 I - 3 potions of heal wounds {unknown}


   Skills:
 - Level 6.7 Fighting
 * Level 10.6 Axes
 - Level 1.0 Throwing
 - Level 6.5 Armour
 - Level 1.0 Stealth
 - Level 4.6 Shields
 - Level 1.0 Spellcasting
 - Level 1.0 Summonings
 - Level 7.0 Invocations


You had 11 spell levels left.
You knew the following spells:

 Your Spells              Type           Power      Damage    Failure   Level
a - Summon Small Mammal   Summ           12%        N/A       100%        1

Your spell library contained the following spells:

 Spells                   Type           Power      Damage    Failure   Level
 Beastly Appendage        Tmut           0%         N/A       100%        1
 Freeze                   Ice            0%         1d3       100%        1
 Wereblood                Tmut           0%         N/A       100%        2
 Call Canine Familiar     Summ           3%         N/A       100%        3
 Frozen Ramparts          Ice            0%         1d1       100%        3
 Hailstorm                Conj/Ice       0%         3d3       100%        3
 Portal Projectile        Hex/Tloc       0%         N/A       100%        3
 Spider Form              Tmut/Pois      0%         N/A       100%        3
 Summon Guardian Golem    Hex/Summ       1%         N/A       100%        3
 Leda's Liquefaction      Hex/Erth       0%         N/A       100%        4
 Alistair's Intoxication  Tmut/Pois      0%         N/A       100%        5
 Borgnjor's Vile Clutch   Necr/Erth      0%         N/A       100%        5
 Eringya's Noxious Bog    Tmut/Pois      0%         N/A       100%        6
 Orb of Destruction       Conj           0%         9d5       100%        7
 Spellforged Servitor     Conj/Summ      0%         N/A       100%        7


Dungeon Overview and Level Annotations

Branches:
Dungeon (9/15)             Temple (0/1) D:6            Lair (0/5) D:8
    Orc: D:9-12

Altars:
Cheibriados
Elyvilon
Hepliaklqana
Kikubaaqudgha
Nemelex Xobeh
Qazlal
Uskayaw

Annotations:
D:9 Erolcha


Message History

You slash something! Something hits you!
You take 9 damage, and have 61/83 hp.
You barely miss something. You closely miss something.
Something hits you but does no damage.
You miss something. Something hits you.
You take 4 damage, and have 58/83 hp.
You closely miss something. You closely miss something. Something hits you.
You take 4 damage, and have 55/83 hp.
You slash something! Something hits you.
You take 6 damage, and have 49/83 hp.
You slash something! You block something's attack.
You hit something. You hit something but do no damage.
Something hits you but does no damage.
You barely miss something. You block something's attack.
You closely miss something. You closely miss something. Something hits you!
You take 9 damage, and have 42/83 hp.
You barely miss something. You block something's attack.
You hit something. You hit something but do no damage. Something hits you!
You take 7 damage, and have 36/83 hp.
You hit something but do no damage.
You hear some strange, mumbled words.
There is a stone staircase leading up, spattered with blood here.
Something hits you!
* * * LOW HITPOINT WARNING * * *
You climb upwards.
Reactivating autopickup.
There is a stone staircase leading down here.
You take 15 damage, and have 22/83 hp.
You start resting.
Something hits you!
* * * LOW HITPOINT WARNING * * *
Deactivating autopickup; reactivate with Ctrl-A.
You take 7 damage, and have 15/83 hp.
Okay, then.
As you read the scroll of teleportation, it crumbles to dust.
You feel strangely unstable. Something hits you!
You die...

.....#####.###
#..##.# ######
### #..##.####
#..##.##.##
#..##.#.#.##
###..##....#.#
#....####...##
#.#.## ##.##
########
####.#.## #.#
.......#
#...@...# #.#
######.#
#.......# #.#
#.######.......#
#.#
#..............#
#.#
########...<...#
#.# ###.......#
#.# #.........#
#.# #.#########
#.# #.# #.#


There were no monsters in sight!

Vanquished Creatures
  Pikel (D:6)
  Maggie (D:6)
  Prince Ribbit (D:5)
  A hornet (D:9)
  7 yaks (D:8)
  2 wyverns (D:8)
  A basilisk (D:8)
  5 water moccasins
  2 orc warriors (D:8)
  3 black bears (D:5)
  An ice beast (D:6)
  5 ogres
  A centaur (D:5)
  3 phantoms
  A kobold brigand (D:7)
  2 bullfrogs (D:7)
  A scorpion (D:5)
  4 killer bees (D:8)
  A howler monkey (D:4)
  2 jellies (D:7)
  2 orc priests
  A gnoll bouda (D:8)
  3 hounds (D:5)
  3 iguanas
  5 orc wizards
  5 gnolls (D:8)
  9 adders
  A shadow imp (D:7)
  2 white imps (D:6)
  4 ufetubi
  3 worms (D:2)
  2 dart slugs (D:3)
  27 orcs
  4 endoplasms
  3 giant cockroaches
  9 goblins
  5 hobgoblins
  3 jackals (D:1)
  10 kobolds
  2 quokkas (D:4)
  8 ball pythons
  9 bats
  3 frilled lizards
  3 rats
171 creatures vanquished.

Vanquished Creatures (others)
  3 yaks (D:8)
  A scorpion (D:6)
4 creatures vanquished.

Grand Total: 175 creatures vanquished

Notes
Turn   | Place    | Note
-------+----------+-------------------------------------------
     0 | D:1      | jasper the Human Wanderer began the quest for the Orb.
     0 | D:1      | jasper set off with the following items: a +2 hand axe, a
                  | +0 helmet, a potion of invisibility, a +0 robe; and the
                  | following spell memorised: Summon Small Mammal; and the
                  | following spells available to memorise: Summon Guardian
                  | Golem.
     0 | D:1      | Reached XP level 1. HP: 15/15 MP: 2/2
    67 | D:1      | Reached XP level 2. HP: 21/21 MP: 3/3
   294 | D:1      | Found a faded altar of an unknown god.
   303 | D:1      | Prayed at the altar of an unknown god.
   303 | D:1      | Became a worshipper of Elyvilon the Healer
   303 | D:1      | Reached * piety under Elyvilon
   422 | D:1      | Reached XP level 3. HP: 18/26 MP: 4/4
  1092 | D:2      | Reached XP level 4. HP: 31/33 MP: 5/5
  1233 | D:2      | Reached skill level 1 in Invocations
  1268 | D:2      | Reached ** piety under Elyvilon
  1666 | D:3      | Found a stormy altar of Qazlal.
  1677 | D:3      | Reached skill level 5 in Axes
  1716 | D:3      | Found an ancient bone altar of Kikubaaqudgha.
  2001 | D:3      | Reached XP level 5. HP: 38/38 MP: 6/6
  2390 | D:4      | Noticed a phantom
  2406 | D:3      | Killed a phantom
  2407 | D:3      | Reached XP level 6. HP: 34/46 MP: 7/7
  2750 | D:4      | Reached *** piety under Elyvilon
  2842 | D:4      | Found a snail-covered altar of Cheibriados.
  2843 | D:4      | Found a hide-covered altar of Uskayaw.
  3259 | D:5      | Entered Level 5 of the Dungeon
  3347 | D:5      | Reached skill level 6 in Axes
  3347 | D:5      | Reached XP level 7. HP: 23/52 MP: 8/8
  3489 | D:5      | Reached skill level 1 in Shields
  3526 | D:5      | Noticed a water moccasin
  3561 | D:5      | Killed a water moccasin
  3828 | D:5      | Reached XP level 8. HP: 56/59 MP: 10/10
  3852 | D:5      | Noticed Prince Ribbit
  3916 | D:5      | Killed Prince Ribbit
  4042 | D:5      | Reached skill level 7 in Axes
  4460 | D:5      | Reached XP level 9. HP: 56/66 MP: 12/12
  4627 | D:5      | Found a hazy altar of Hepliaklqana.
  4935 | D:6      | Found a staircase to the Ecumenical Temple.
  5138 | D:6      | Noticed Maggie
  5174 | D:6      | Killed Maggie
  5175 | D:6      | Reached skill level 8 in Axes
  5451 | D:6      | Found a sparkling altar of Nemelex Xobeh.
  5550 | D:6      | Reached skill level 5 in Invocations
  5567 | D:6      | Noticed Pikel
  5614 | D:6      | Killed Pikel
  5615 | D:6      | Reached skill level 5 in Fighting
  5615 | D:6      | Reached skill level 5 in Armour
  6983 | D:7      | Reached XP level 10. HP: 73/74 MP: 14/14
  7180 | D:7      | Reached skill level 9 in Axes
  7961 | D:8      | Found a staircase to the Lair.
  8021 | D:8      | Reached skill level 10 in Axes
  8417 | D:8      | Elyvilon protects you from harm!
  8420 | D:8      | Reached XP level 11. HP: 13/83 MP: 11/16
  9173 | D:9      | Noticed Erolcha
  9180 | D:8      | Identified a scroll of acquirement
  9180 | D:8      | Acquired the +10 crystal plate armour of the Flying Gods
                  | {rElec rC+}
  9224 | D:8      | Slain by Erolcha

Illustrated notes

Levels and vault maps discovered:
D:1:      amcnicky_arrival_feature_with_door, layout_loops_ring,
          basic_ecumenical_altar, kennysheep_small_spiral
D:2:      layout_basic
D:3:      layout_loops_ring, mainiacjoe_overflow_catch_the_wave
D:4:      layout_gridville, nicolae_overflow_squiral
D:5:      minmay_inner_zag, layout_cave_pools, nicolae_hepliaklqana_hippocampus,
          uniq_prince_ribbit1
D:6:      layout_loops_ring, nemelex_xobeh_ov_fountains_minmay,
          minmay_temple_entry_large_hall, kennysheep_generic_room_15,
          uniq_maggie, uniq_pikel
D:7:      layout_loops_corners
D:8:      layout_loops_ring, minmay_lair_entry_grove
D:9:      layout_basic, david_orc_3, uniq_erolcha

Skill      XL: |  1  2  3  4  5  6  7  8  9 10 |
---------------+-------------------------------+-----
Fighting       | 2 3 4 5 6 |  6.7
Invocations    | 1 2 3 4 5 7 |  7.0
Axes           | 5 6 7 8 10 | 10.6
Armour         | 2 3 4 5 6 |  6.5
Shields        | 2 3 4 |  4.6
Throwing       | |  1.0
Stealth        | |  1.0
Spellcasting   | |  1.0
Summonings     | |  1.0

Action                     |  1- 3 |  4- 6 |  7- 9 | 10-12 || total
---------------------------+-------+-------+-------+-------++-------
  Melee: Hand axe          |   107 |   159 |   342 |    48 ||   656
         War axe           |       |       |       |   266 ||   266
  Throw: Stone             |       |     1 |     4 |       ||     5
         Dart              |       |       |    34 |     2 ||    36
 Invoke: Heal Other        |       |     1 |     8 |     2 ||    11
         Purification      |       |       |     2 |     3 ||     5
         Heal Self         |       |       |     3 |     6 ||     9
  Evoke: Wand              |       |       |     7 |    14 ||    21
    Use: Scroll            |       |       |    16 |     3 ||    19
         Potion            |       |       |     1 |     1 ||     2
   Stab: Sleeping          |     2 |       |       |       ||     2
         Invisible         |       |       |     4 |       ||     4
 Armour: Robe              |    14 |       |       |       ||    14
         Scale mail        |    19 |    46 |       |       ||    65
         Ring mail         |     5 |       |       |       ||     5
         Storm dragon scal |       |    44 |   230 |   146 ||   420
         Crystal plate arm |       |       |       |     3 ||     3
  Dodge: Dodged            |    57 |    61 |    84 |    85 ||   287
  Block: Buckler           |       |     5 |    67 |    77 ||   149
